 Dungeon Crawl Stone Soup version 0.24-a0-201-gf205589 (webtiles) character file.

Game seed: 8046591076628333667

12275 Borgoz the Slicer (level 11, 0/67 HPs)
             Began as a Gargoyle Gladiator on Mar 25, 2019.
             Was a Follower of Ashenzari.
             Slain by a yak (4 damage)
             ... on level 11 of the Dungeon.
             The game lasted 00:19:52 (11850 turns).

Borgoz the Slicer (Gargoyle Gladiator)             Turns: 11850, Time: 00:19:54

Health: 0/67       AC: 20    Str: 18    XL:     11   Next: 90%
Magic:  28/28      EV: 16    Int:  9    God:    Ashenzari [*.....]
Gold:   455        SH:  0    Dex: 14    Spells: 21/21 levels left

rFire    + . .     SeeInvis .   m - +3 short sword (venom)
rCold    . . .     Gourm    .   (no shield)
rNeg     + . .     Faith    .   P - +0 leather armour {rF+}
rPois    ∞         Spirit   .   c - +1 helmet
rElec    +         Reflect  .   (no cloak)
rCorr    .         Harm     .   E - +0 pair of gloves
MR       .....                  (no boots)
Stlth    +++.......             (no amulet)
HPRegen  0.21/turn              D - +5 ring of protection
MPRegen  0.21/turn              n - ring of magical power

@: invisible
A: negative energy resistance 1, electricity resistance, unbreathing,
petrification resistance, rot immunity, AC +8
a: Curse Item, Scrying, Renounce Religion


You were on level 11 of the Dungeon.
You worshipped Ashenzari.
Ashenzari was aware of your devotion.
You were not hungry.

You visited 2 branches of the dungeon, and saw 12 of its levels.
You also visited: Sewer.

You collected 455 gold pieces.

Inventory:

Hand Weapons
 a - a +0 rapier
 m - a +3 short sword of venom (weapon)
 A - a +1 dagger of venom
 G - a cursed +2 short sword
 K - a +1 dagger of speed
 M - a +0 rapier
 Q - a +1 dagger of freezing
Missiles
 d - 2 throwing nets (quivered)
 t - 8 tomahawks
 R - 6 javelins
Armour
 c - a +1 helmet (worn)
 E - a +0 pair of gloves (worn)
 P - a +0 leather armour of fire resistance (worn)
 S - a +0 troll leather armour
Jewellery
 k - an uncursed ring of protection from cold
 n - a ring of magical power (right hand)
 r - an uncursed ring of resist corrosion
 D - a +5 ring of protection (left hand)
Wands
 g - a wand of flame (16)
 C - a wand of random effects (9)
 I - a wand of paralysis (13)
Scrolls
 e - 2 scrolls of amnesia
 j - a scroll of teleportation
 p - 5 scrolls of remove curse
 F - a scroll of fear
 O - a scroll of enchant weapon
Potions
 b - 2 potions of haste
 h - a potion of berserk rage {unknown}
 i - 2 potions of brilliance {unknown}
 l - a potion of agility {unknown}
 o - a potion of magic {unknown}
 q - a potion of flight
 u - 2 potions of might
 z - a potion of ambrosia {unknown}
 B - a potion of resistance
 L - a potion of mutation {unknown}
Comestibles
 f - 14 rations


   Skills:
 + Level 7.3 Fighting
 * Level 8.6 Short Blades
 + Level 6.0 Throwing
 + Level 6.5 Armour
 * Level 7.9 Dodging
 + Level 7.3 Stealth
 + Level 5.5 Spellcasting


You had 21 spell levels left.
You didn't know any spells.
Your spell library was empty.

Dungeon Overview and Level Annotations

Branches:
Dungeon (11/15)            Temple (1/1) D:7
   Lair: D:8-11         Orc: D:9-12

Altars:
Ashenzari
Cheibriados
Dithmenos
Elyvilon
Fedhas
Gozag
Hepliaklqana
Kikubaaqudgha
Makhleb
Nemelex Xobeh
Okawaru
Qazlal
Ru
Sif Muna
Trog
Uskayaw
Vehumet
Wu Jian
Xom
Yredelemnul
Zin
The Shining One

Shops:
D:4 *   D:5 =*   D:7 :

Annotations:
D:11 Maurice


Innate Abilities, Weirdness & Mutations

You are resistant to torment.
Your stone body is resilient. (AC +8)
You are immune to poison.
You resist negative energy. (rN+)
You are resistant to electric shocks. (rElec)
You can survive without breathing.
You are immune to petrification.
You are immune to rotting.


Message History

Unknown command.
Something hits you but does no damage.
Deactivating autopickup; reactivate with Ctrl-A.
You climb downwards.
Level annotation: Maurice Reactivating autopickup.
The yak misses you. The yak gores you!
* * * LOW HITPOINT WARNING * * *
There is a stone staircase leading up here.
You see here 3 arrows.
You feel better.
Something picks up an arrow.
The yak gores you!
* * * LOW HITPOINT WARNING * * *
It was a potion of invisibility.
You fade into invisibility!
The centaur shoots an arrow.
The arrow hits the yak.
You hear a zap.
A puff of flame appears from out of thin air!
Deactivating autopickup; reactivate with Ctrl-A.
The puff of flame misses you. The yak gores you.
You die...

# #. ##+####
##.###### .......
#.......###......8
∩
#.......{@#c.(....
#..[....#Y#)Y.....
#.......#Yc(......
#.......###.......
######### .......
#######


You could see 2 yaks and a centaur.

Vanquished Creatures
  2 two-headed ogres (D:9)
  Urug (D:10)
  Pikel (D:5)
  A deep elf mage (D:10)
  Joseph (D:10)
  A kobold demonologist (D:10)
  3 trolls
  A merfolk (D:10)
  2 hippogriffs
  Grinder (D:5)
  7 yaks
  Sigmund (D:5)
  2 wraiths (D:7)
  A wyvern (D:10)
  A hungry ghost (D:8)
  A vampire (D:10)
  2 ice beasts
  2 orc warriors
  2 sky beasts
  4 slaves (D:5)
  2 necrophages
  2 ogres
  6 centaurs
  An elf zombie (D:7)
  18 big kobolds
  A gnoll sergeant (D:9)
  3 bullfrogs
  3 scorpions
  A water moccasin skeleton (D:9)
  A troll zombie (D:7)
  8 wights
  11 killer bees
  A crimson imp (D:7)
  A bullfrog zombie (D:10)
  A jelly (D:8)
  A quasit (D:8)
  2 bullfrog skeletons
  5 hounds
  2 human zombies (D:7)
  6 orc priests
  2 human skeletons (D:7)
  3 centaur skeletons
  An iguana (D:5)
  4 orc wizards
  3 worker ants
  An ogre skeleton (D:7)
  A hound skeleton (D:4)
  2 mummies (D:7)
  A howler monkey zombie (D:9)
  A worker ant zombie (D:8)
  10 adders
  9 gnolls
  2 river rats (Sewer)
  2 shadow imps
  2 oozes
  2 adder skeletons
  7 worms
  3 dart slugs
  2 leopard geckos
  32 orcs
  4 giant cockroaches
  8 goblins
  7 hobgoblins
  13 jackals
  36 kobolds
  2 quokkas
  4 ball pythons
  8 bats
  A frilled lizard (D:1)
  A jackal skeleton (D:3)
  A jackal zombie (D:4)
  12 rats
300 creatures vanquished.

Vanquished Creatures (others)
  A howler monkey skeleton (D:4)
1 creature vanquished.

Grand Total: 301 creatures vanquished

Notes
Turn   | Place    | Note
-------+----------+-------------------------------------------
     0 | D:1      | Borgoz the Gargoyle Gladiator began the quest for the Orb.
     0 | D:1      | Reached XP level 1. HP: 12/12 MP: 1/1
   110 | D:1      | Reached XP level 2. HP: 17/17 MP: 2/2
   673 | D:1      | Reached skill level 3 in Short Blades
   680 | D:1      | Reached XP level 3. HP: 18/22 MP: 3/3
  1034 | D:1      | Reached skill level 1 in Stealth
  1274 | D:2      | Reached skill level 1 in Spellcasting
  1274 | D:2      | Reached XP level 4. HP: 9/27 MP: 3/5
  1495 | D:2      | Reached skill level 1 in Armour
  1811 | D:2      | Reached XP level 5. HP: 6/31 MP: 6/6
  2074 | D:2      | Found a faded altar of an unknown god.
  2599 | D:3      | Found an ornate altar of the Wu Jian Council.
  2627 | D:3      | You fall through a shaft for 2 floors!
  2627 | D:5      | Entered Level 5 of the Dungeon
  2636 | D:5      | Noticed a slave
  2658 | D:5      | Killed a slave
  2868 | D:5      | Noticed an ice beast
  2889 | D:5      | Killed an ice beast
  2889 | D:5      | Reached XP level 6. HP: 26/37 MP: 8/8
  3157 | D:5      | Noticed Sigmund
  3176 | D:5      | Killed Sigmund
  3176 | D:5      | Reached skill level 4 in Short Blades
  3176 | D:5      | Reached XP level 7. HP: 32/41 MP: 9/9
  3291 | D:5      | Noticed Grinder
  3309 | D:5      | Killed Grinder
  3398 | D:5      | Found Zin's Purification Station.
  3398 | D:5      | Found a glowing silver altar of Zin.
  3419 | D:5      | Found Tediphu's Jewellery Shop.
  3426 | D:5      | Noticed Pikel
  3484 | D:5      | Killed Pikel
  3484 | D:5      | Reached XP level 8. HP: 9/48 MP: 12/12
  4061 | D:4      | Reached skill level 5 in Short Blades
  4323 | D:4      | Found a radiant altar of Vehumet.
  4369 | D:4      | Found Qipparghi's Assorted Antiques.
  4762 | D:3      | Found a white marble altar of Elyvilon.
  4767 | D:3      | Found an iron altar of Okawaru.
  4773 | D:3      | Found a shadowy altar of Dithmenos.
  4773 | D:3      | Found a hazy altar of Hepliaklqana.
  4775 | D:3      | Found a bloodstained altar of Trog.
  4778 | D:3      | Found a shattered altar of Ashenzari.
  4867 | D:3      | Became a worshipper of Ashenzari the Shackled
  5311 | D:5      | Reached skill level 5 in Dodging
  5421 | D:5      | Reached XP level 9. HP: 13/52 MP: 13/13
  5570 | D:6      | Found a glowing drain.
  5607 | Sewer    | Entered a sewer
  5834 | Sewer    | Found a glowing silver altar of Zin.
  5901 | D:6      | Reached skill level 5 in Fighting
  6840 | D:7      | Reached skill level 6 in Short Blades
  6898 | D:7      | Found Vomy's Book Shop.
  7051 | D:7      | Found an ancient bone altar of Kikubaaqudgha.
  7099 | D:7      | Reached skill level 5 in Stealth
  7388 | D:7      | Reached XP level 10. HP: 53/60 MP: 15/15
  7420 | D:7      | Found a staircase to the Ecumenical Temple.
  7435 | Temple   | Entered the Ecumenical Temple
  8419 | D:9      | Reached * piety under Ashenzari
  8492 | D:9      | Noticed a two-headed ogre
  8519 | D:9      | Killed a two-headed ogre
  8519 | D:9      | Reached skill level 5 in Armour
  8531 | D:9      | Reached skill level 7 in Short Blades
  8887 | D:9      | Reached skill level 5 in Throwing
  9373 | D:9      | Noticed a two-headed ogre
  9419 | D:9      | Killed a two-headed ogre
  9419 | D:9      | Reached XP level 11. HP: 33/66 MP: 18/18
  9768 | D:10     | Entered Level 10 of the Dungeon
  9788 | D:10     | Noticed a deep elf mage
  9799 | D:10     | Killed a deep elf mage
  9808 | D:10     | Reached skill level 5 in Spellcasting
 10595 | D:10     | Reached skill level 8 in Short Blades
 10604 | D:10     | Noticed Joseph
 10748 | D:10     | Killed Joseph
 10865 | D:10     | Noticed Urug
 10913 | D:10     | Killed Urug
 11572 | D:11     | Noticed Maurice
 11849 | D:11     | HP: 3/67 [yak (10)]
 11850 | D:11     | Slain by a yak

Levels and vault maps discovered:
D:1:      lightli_arrival_statuegarden, layout_basic, minmay_fountain_box,
          minivault_5, minmay_tripent
D:2:      layout_rooms, chequers_ecumenical_altar_simple, minmay_misc_feat_x
D:3:      layout_basic, minitemple
D:4:      layout_rooms, fiery_altar_vehumet, serial_shops, kennysheep_mini_moat,
          corexii_shack
D:5:      layout_cave_pods, zin_purify, first_ration, serial_shops,
          kennysheep_mini, uniq_sigmund, uniq_grinder, uniq_pikel
D:6:      layout_cave_pools, cheibrodos_sewer_entry_drain, minmay_curled_crystal
D:7:      layout_cave_pools, minmay_temple_entry_mist, serial_shops, shop,
          lemuel_mausoleum_altar_kikubaaqudgha
D:8:      layout_basic
D:9:      layout_roguey
D:10:     layout_roguey [special_room_kobold], hangedman_stone_soup, uniq_urug,
          uniq_joseph
D:11:     layout_roguey, david_lair_shrubbed, minmay_orc_entry_guard_dogs,
          enter_trove_2, basic_altar, lightli_corner_chamber, uniq_maurice
Temple:   oiseaux_autumnal_temple
Sewer:    sewer_kobolds

Skill      XL: |  1  2  3  4  5  6  7  8  9 10 11 |
---------------+----------------------------------+-----
Short Blades   | 3 4 5 6 7 8 |  8.6
Stealth        | 1 2 3 4 5 6 7 |  7.3
Throwing       | 2 3 4 5 6 |  6.0
Spellcasting   | 1 2 3 4 5 |  5.5
Armour         | 1 2 3 4 5 6 |  6.5
Dodging        | 3 4 5 6 7 |  7.9
Fighting       | 3 4 5 6 7 |  7.3

Action                   |  1- 3 |  4- 6 |  7- 9 | 10-12 || total
-------------------------+-------+-------+-------+-------++-------
Melee: Rapier            |   116 |    46 |       |       ||   162
       Short sword       |       |   114 |   569 |   775 ||  1458
Throw: Throwing net      |       |     3 |     3 |     3 ||     9
Evoke: Wand              |       |       |     1 |       ||     1
  Use: Scroll            |     1 |       |    11 |     6 ||    18
       Potion            |     1 |       |     1 |     6 ||     8
 Stab: Sleeping          |       |       |     6 |     3 ||     9
       Held in net/web   |       |       |       |     3 ||     3
  Eat: Chunk             |     1 |     6 |    10 |    11 ||    28
       Ration            |       |       |     1 |     3 ||     4
Armor: Leather armour    |    17 |       |       |    25 ||    42
       Ring mail         |    25 |    65 |   223 |   327 ||   640
Dodge: Dodged            |    51 |    96 |   390 |   520 ||  1057

Table legend:
 A = Non-vault XP
 B = Vault XP
 C = Vault XP percentage of total XP
 D = Non-vault monster count
 E = Vault monster count
 F = Vault count percentage of total count
                 A         B        C        D         E       F
            +---------+---------+-------+---------+---------+-------
      Total |   11267 |    6269 |  35.7 |     240 |      56 |  18.9
            +---------+---------+-------+---------+---------+-------
        D:1 |      47 |       3 |   6.0 |      26 |       2 |   7.1
        D:2 |     149 |       0 |   0.0 |      24 |       0 |   0.0
        D:3 |     162 |       0 |   0.0 |      34 |       0 |   0.0
        D:4 |     373 |       1 |   0.3 |      20 |       1 |   4.8
        D:5 |     515 |    1131 |  68.7 |      13 |       3 |  18.8
        D:6 |     748 |      15 |   2.0 |       7 |       3 |  30.0
        D:7 |     499 |     924 |  64.9 |      14 |      12 |  46.2
        D:8 |     643 |       0 |   0.0 |      10 |       0 |   0.0
        D:9 |    4653 |       0 |   0.0 |      50 |       0 |   0.0
       D:10 |    2866 |    4063 |  58.6 |      38 |      25 |  39.7
       D:11 |     612 |       0 |   0.0 |       4 |       0 |   0.0
      Sewer |       0 |     132 | 100.0 |       0 |      10 | 100.0
            +---------+---------+-------+---------+---------+-------
